[Event "Istanbul Open 2017"]
[Site "Istanbul"]
[Date "2017.09.16"]
[Round "8"]
[White "Kocak, Can"]
[Black "Ulas, Soner Ilhan"]
[Result "1-0"]
[ECO "B00"]
[WhiteElo "1971"]
[BlackElo "1827"]
[Annotator "NA RC"]
[PlyCount "46"]
[EventDate "2017.??.??"]
[EventType "swiss"]
[EventCountry "TUR"]
[SourceTitle "playchess.com"]
[Source "ChessBase"]
[SourceQuality "1"]
[TimeControl "5400+30"]

1. e4 Nc6 2. d4 d5 3. e5 Bf5 4. Nf3 e6 5. Be2 Nge7 {[%emt 0:01:30] LiveBook: 4 Games B00: Queen's Fianchetto Defence, Nimzowitsch Defence} (5... f6 6. Be3 fxe5 7. dxe5 Bg4 8. Nbd2 Nge7 9. Ng5 Nf5 10. Nxe6 Nxe3 11. Nxd8 Nxd1 12. Nxc6 Nxf2 13. Kxf2 {½-½ (67) Martinovic,S (2537)-Stevic,H (2620) Porec 2014}) 6. Nh4 Bg6 7. c3 Nf5 8. Nxg6 hxg6 9. Nd2 $146 ({Predecessor:} 9. Na3 a6 10. Nc2 Qh4 11. Ne3 Nxe3 12. Bxe3 Ne7 13. Qd2 f6 14. exf6 gxf6 {½-½ (75) Paktinat,Z (1552)-Berdnyk,M Al Ain 2013}) 9... Be7 10. Nf3 a6 11. Qb3 O-O 12. h4 Nxh4 13. Nxh4 Bxh4 14. Qxb7 Qd7 15. Qb3 Be7 16. Qc2 f5 17. exf6 Rxf6 18. Bd3 e5 19. dxe5 Nxe5 20. Be3 Qg4 21. Be2 Qxg2 22. O-O-O Qe4 23. Qb3 {[%emt 0:01:30] [#]} c6 $2 ({Black should try} 23... Rxf2 $1 $19 24. Qxd5+ (24. Bxf2 Bg5+) 24... Qxd5 25. Rxd5 Rxe2 26. Rxe5 Bf6) 1-0

[Event "Istanbul Open 2017"]
[Site "Istanbul"]
[Date "2017.09.16"]
[Round "8"]
[White "Tastan, Hakan Mete"]
[Black "Onem, Uzay Altay"]
[Result "0-1"]
[ECO "A30"]
[WhiteElo "1958"]
[BlackElo "1886"]
[Annotator "NA RC"]
[PlyCount "98"]
[EventDate "2017.??.??"]
[EventType "swiss"]
[EventCountry "TUR"]
[SourceTitle "playchess.com"]
[Source "ChessBase"]
[SourceQuality "1"]
[TimeControl "5400+30"]

1. c4 Nf6 2. Nc3 c5 3. Nf3 Nc6 4. g3 b6 5. Bg2 Bb7 6. O-O e6 7. d4 cxd4 8. Nxd4 {[%emt 0:00:30] LiveBook: 8 Partien} a6 {[%emt 0:02:30] A30: Symmetrical English: Double Fianchetto and Hedgehog} 9. Nc2 (9. Bf4 Rc8 10. Rc1 Be7 11. Nxc6 Bxc6 12. e4 d6 13. Qd3 Nd7 14. Rfd1 Ne5 15. Qe2 Ng6 16. Be3 {1-0 (46) Anton Guijarro,D (2660)-Pustovoitova,D (2420) Minsk 2017}) 9... Be7 10. Bf4 $146 ({Predecessor:} 10. e4 Qc7 11. Bf4 d6 12. Rc1 {1-0 (54) Schon,A-Jamrozik,J Krakow 1996}) 10... O-O 11. Qd2 Qc8 12. Na4 Bd8 13. Bd6 Re8 14. Rac1 Ne7 15. Bxb7 Qxb7 16. Nc3 Nc8 17. Ba3 Be7 18. Qd3 Bxa3 19. Nxa3 Ne7 20. e4 d5 21. e5 Nd7 22. f4 Nc5 23. Qf3 Rad8 (23... b5 $5 24. cxb5 Ne4 $11) 24. Rfd1 Qd7 25. cxd5 exd5 26. Nc4 d4 27. Nxb6 Qe6 28. f5 $2 (28. b4 $14 Qxb6 29. bxc5 Qxc5 30. Ne4) 28... Qxb6 29. f6 dxc3 30. Rxd8 Qxd8 31. fxe7 cxb2 $2 (31... Qd4+ $19 32. Kh1 cxb2) 32. exd8=Q (32. exd8=R $2 {is the wrong capture.} bxc1=Q+ 33. Qd1 Qe3+ 34. Kg2 Qxe5 $19) 32... bxc1=Q+ 33. Qdd1 Qb2 34. Qdd5 Ne6 35. Qb7 Qc1+ 36. Kg2 Rf8 37. Qxa6 Rd8 38. Qaf1 Qc7 39. Qe3 h6 (39... Rd5 $11) 40. h4 Ra8 41. Qff2 Ra5 (41... Ra4 $11) 42. Qb2 Rc5 43. Kh3 Rc2 44. Qbb3 Qc8 45. g4 Qc6 46. Qf3 {[%emt 0:00:30] [#]} Nf4+ $1 47. Kg3 Ne2+ 48. Kf2 Nd4+ 49. Kg3 Qxf3+ 0-1

[Event "Istanbul Open 2017"]
[Site "Istanbul"]
[Date "2017.09.16"]
[Round "8"]
[White "Demirbag, Alihan"]
[Black "Konduk, Bekir Sami"]
[Result "1-0"]
[ECO "B23"]
[WhiteElo "1932"]
[BlackElo "1903"]
[Annotator "NA RC"]
[PlyCount "121"]
[EventDate "2017.??.??"]
[EventType "swiss"]
[EventCountry "TUR"]
[SourceTitle "playchess.com"]
[Source "ChessBase"]
[SourceQuality "1"]
[TimeControl "5400+30"]

1. e4 c5 2. Nc3 a6 3. g4 d6 4. Bg2 e5 5. d3 Nc6 {[%emt 0:03:30] LiveBook: 3 Games} 6. Be3 Qa5 7. h3 h5 8. g5 Nge7 9. Nge2 Nd4 10. O-O Be6 11. f4 g6 12. Nd5 Bxd5 13. exd5 Ndf5 14. Bd2 Qc7 15. fxe5 dxe5 16. Qe1 Bg7 17. Ba5 Qd7 18. Ng3 Nxg3 19. Qxg3 O-O 20. c4 Nf5 21. Qe1 Qe7 (21... e4 $15 22. dxe4 Bd4+ 23. Kh1 Ne3) 22. Bd2 $1 Nd4 23. Qe4 Qd6 24. h4 b5 25. Rf2 Rab8 26. Bc3 b4 27. Bd2 (27. Bxd4 $5 cxd4 28. b3 $16) 27... f5 28. gxf6 Rxf6 29. Rxf6 Qxf6 30. Rf1 Qd6 31. Bh3 Rf8 32. Rxf8+ Bxf8 33. a4 Kh7 34. Be3 Bh6 35. Bxd4 cxd4 36. Be6 Bf4 37. Qf3 Qe7 38. Qh3 (38. Kf1 $11 {bleibt in der Remisbreite.}) 38... Kh6 $2 (38... Qf6 $19 39. Kg2 {[#]} e4 $1 40. dxe4 d3 $1 41. Qxd3 Qxb2+ 42. Kf3 Qh2) 39. b3 Qf6 40. Kg2 $1 Be3 (40... e4 $1 $15 41. dxe4 Be5) 41. Qf3 Bf4 $1 42. Qh3 Qe7 43. Kh1 Kg7 44. Kg2 g5 (44... a5 $11 {keeps the balance.}) 45. Qf5 gxh4 {[%emt 0:00:18] [#]} (45... e4 $16) 46. d6 $1 ({Much less strong is} 46. Qxh5 $6 Qg5+ 47. Qxg5+ Bxg5 $16) 46... Qf6 $2 {[%emt 0:00:41] [#]} (46... h3+ 47. Kxh3 Qf6) 47. c5 $2 (47. Kf3 $1 $18 Qxf5 48. Bxf5) 47... e4 $1 48. dxe4 d3 49. Qxf6+ Kxf6 50. Bc4 d2 51. Be2 a5 52. Kh3 (52. Bxh5 $11 Ke5 53. d7) 52... Bg3 ({Lieber} 52... Ke6 $1 $15) 53. Bxh5 Ke6 54. Bg4+ Kf7 (54... Kf6 $11) 55. e5 Bxe5 56. Kxh4 Ke8 $2 (56... Kf6 $11) 57. Kg5 Kd8 58. Kf5 Bg3 59. Ke6 Bf4 60. c6 Bg3 61. c7+ 1-0

[Event "Istanbul Open 2017"]
[Site "Istanbul"]
[Date "2017.09.16"]
[Round "8"]
[White "Ozen, Medeni"]
[Black "Coban, Suleyman"]
[Result "1-0"]
[ECO "B76"]
[WhiteElo "1718"]
[BlackElo "1676"]
[Annotator "NA RC"]
[PlyCount "99"]
[EventDate "2017.??.??"]
[EventType "swiss"]
[EventCountry "TUR"]
[SourceTitle "playchess.com"]
[Source "ChessBase"]
[SourceQuality "1"]
[TimeControl "5400+30"]

1. e4 c5 2. Nf3 d6 3. d4 cxd4 4. Nxd4 Nf6 5. Nc3 g6 6. Be3 Bg7 7. Bc4 O-O 8. f3 Nc6 9. Nxc6 bxc6 10. Qd2 Qa5 11. Bh6 Ba6 12. Bxa6 Qxa6 13. h4 Rab8 14. Bxg7 Kxg7 15. O-O-O Qb6 16. b3 Qa5 17. h5 Qa3+ 18. Kb1 a5 19. hxg6 fxg6 20. e5 dxe5 21. Qh6+ Kg8 22. Rh4 Rbd8 23. Re1 Rf7 24. Rxe5 Nd5 25. Nxd5 cxd5 26. Qd2 Qd6 27. Re1 Qc5 28. Rd4 Rf5 29. f4 Re8 30. g4 Rf7 31. Rxd5 Qc8 32. f5 gxf5 33. gxf5 Rxf5 34. Qg2+ Kh8 35. Rg1 Rf7 36. Rg5 Ref8 37. Qe2 Qc3 38. a4 Qd4 39. Qg2 Qxg1+ 40. Qxg1 Rf1+ 41. Qxf1 Rxf1+ 42. Kb2 Re1 43. Rxa5 e5 44. Ra8+ Kg7 45. a5 h5 46. a6 h4 47. a7 h3 48. Rg8+ Kxg8 49. a8=Q+ Kg7 50. Qf3 1-0

[Event "Istanbul Open 2017"]
[Site "Istanbul"]
[Date "2017.09.16"]
[Round "8"]
[White "Bagci, Hikmet"]
[Black "Kilic, Eray"]
[Result "1/2-1/2"]
[ECO "B36"]
[WhiteElo "1706"]
[BlackElo "1727"]
[Annotator "NA"]
[PlyCount "93"]
[EventDate "2017.??.??"]
[EventType "swiss"]
[EventCountry "TUR"]
[SourceTitle "playchess.com"]
[Source "ChessBase"]
[SourceQuality "1"]
[TimeControl "5400+30"]

1. e4 c5 2. Nf3 Nc6 3. d4 cxd4 4. Nxd4 g6 5. c4 Nf6 6. Nc3 Nxd4 7. Qxd4 d6 8. Be3 Bg7 9. Be2 O-O 10. Qd2 a5 11. f3 a4 12. O-O Qa5 13. Rab1 Be6 14. Rfc1 Rfc8 15. b4 axb3 16. axb3 Qb4 17. Rc2 Bd7 18. Bd4 Bc6 19. Kf1 Rd8 20. Bxf6 Bxf6 21. Nd5 Qxd2 22. Nxf6+ exf6 23. Rxd2 Kf8 24. b4 b6 25. b5 Bb7 26. Kf2 Ra3 27. Rc1 Ke7 28. Bd3 Rda8 29. Ke3 Ra2 30. Rcc2 R2a4 31. f4 Rc8 32. Kd4 Rd8 33. Ra2 Rda8 34. Bb1 Rxa2 35. Rxa2 Rxa2 36. Bxa2 f5 37. Bb1 fxe4 38. Bxe4 Bxe4 39. Kxe4 Ke6 40. g4 f5+ 41. gxf5+ gxf5+ 42. Kd4 h5 43. h4 Ke7 44. Ke3 Ke6 45. Kd4 Ke7 46. Kd5 Kd7 47. Kd4 1/2-1/2

[Event "Istanbul Open 2017"]
[Site "Istanbul"]
[Date "2017.09.16"]
[Round "8"]
[White "Sar, Can"]
[Black "Adanmis, Ezgi"]
[Result "1/2-1/2"]
[ECO "C05"]
[WhiteElo "1669"]
[BlackElo "1626"]
[Annotator "NA RC"]
[PlyCount "137"]
[EventDate "2017.??.??"]
[EventType "swiss"]
[EventCountry "TUR"]
[SourceTitle "playchess.com"]
[Source "ChessBase"]
[SourceQuality "1"]
[TimeControl "5400+30"]

1. e4 e6 2. d4 d5 3. Nd2 Nf6 4. e5 Nfd7 5. f4 c5 6. c3 b6 7. Ngf3 Ba6 8. Be2 Bxe2 9. Qxe2 Nc6 10. a3 c4 11. O-O Ne7 12. Re1 Nf5 13. Nf1 Be7 14. Ne3 Nf8 15. a4 Nxe3 16. Bxe3 Ng6 17. Qc2 Qd7 18. g3 O-O 19. h4 Rfb8 20. h5 Nf8 21. g4 b5 22. f5 exf5 23. gxf5 g6 24. e6 fxe6 25. Ne5 Qe8 26. fxg6 hxg6 27. hxg6 Bf6 28. Nf7 Bg7 29. Rf1 e5 30. dxe5 Qe6 31. Qf5 Qxg6+ 32. Ng5 Qxf5 33. Rxf5 bxa4 34. Rxa4 Rxb2 35. Rxa7 Rxa7 36. Bxa7 Re2 37. Bd4 Ng6 38. Nf3 Re4 39. Rg5 Nf4 40. Kf1 Ne6 41. Rg2 Rf4 42. Rf2 Kf8 43. Ne1 Rxf2+ 44. Kxf2 Ke7 45. Kf3 Nxd4+ 46. cxd4 Ke6 47. Kg4 Bxe5 48. dxe5 Kxe5 49. Kf3 Kd4 50. Ke2 Kc3 51. Kd1 d4 52. Kc1 d3 53. Kd1 Kd4 54. Nf3+ Ke3 55. Nd2 c3 56. Nb3 Ke4 57. Ke1 Kd5 58. Kd1 Kc4 59. Nc1 d2 60. Ne2 Kd3 61. Nf4+ Ke4 62. Ne2 Kd3 63. Nf4+ Ke3 64. Nd5+ Kd4 65. Nb4 Kc4 66. Nc2 Kb3 67. Na1+ Ka2 68. Nc2 Kb2 69. Ne3 1/2-1/2

[Event "Istanbul Open 2017"]
[Site "Istanbul"]
[Date "2017.09.16"]
[Round "8"]
[White "Nukan, Baris Tuna"]
[Black "Inciler, Yusuf Efe"]
[Result "1/2-1/2"]
[ECO "C30"]
[WhiteElo "1656"]
[BlackElo "1494"]
[Annotator "NA"]
[PlyCount "73"]
[EventDate "2017.??.??"]
[EventType "swiss"]
[EventCountry "TUR"]
[SourceTitle "playchess.com"]
[Source "ChessBase"]
[SourceQuality "1"]
[TimeControl "5400+30"]

1. e4 e5 2. Nc3 Nc6 3. f4 d6 4. Nf3 Nf6 5. Bb5 Bd7 6. d3 exf4 7. Bxf4 a6 8. Ba4 b5 9. Bb3 Bg4 10. h3 Bxf3 11. Qxf3 Nd4 12. Qf2 Nxb3 13. axb3 Nh5 14. O-O Nxf4 15. Qxf4 Qd7 16. Nd5 f6 17. Qh4 Qf7 18. Qf4 Ra7 19. Qf5 Qd7 20. Ra2 Be7 21. Rfa1 Qxf5 22. exf5 Kd7 23. Nxe7 Kxe7 24. Rxa6 Rxa6 25. Rxa6 Kd7 26. Kf2 Re8 27. g4 g6 28. fxg6 hxg6 29. Ra1 Rh8 30. Kg3 Re8 31. Rf1 Re2 32. Rf2 Re3+ 33. Kg2 Ke6 34. h4 c5 35. Rd2 Ke5 36. Rf2 Ke6 37. Rd2 1/2-1/2

[Event "Istanbul Open 2017"]
[Site "Istanbul"]
[Date "2017.09.16"]
[Round "8"]
[White "Kabadayi, Suleyman Arda"]
[Black "Ilter, Kerem"]
[Result "1/2-1/2"]
[ECO "C10"]
[WhiteElo "1579"]
[BlackElo "1630"]
[Annotator "NA RC"]
[PlyCount "161"]
[EventDate "2017.??.??"]
[EventType "swiss"]
[EventCountry "TUR"]
[SourceTitle "playchess.com"]
[Source "ChessBase"]
[SourceQuality "1"]
[TimeControl "5400+30"]

1. e4 e6 2. d4 d5 3. Nc3 Nc6 4. Nf3 Nf6 5. e5 Ne4 6. Bd3 Bb4 7. Bd2 Nxd2 8. Qxd2 b6 9. O-O-O Bb7 10. a3 Be7 11. Rde1 a6 12. Ne2 Na5 13. Kb1 c5 14. c3 c4 15. Bc2 b5 16. Nfg1 Nc6 17. f4 a5 18. Ka2 b4 19. Ba4 Qb6 20. Nf3 O-O 21. g4 bxa3 22. bxa3 Nb4+ 23. Ka1 Nd3 24. Rb1 Qc7 25. Nc1 Ba6 26. Qa2 Rab8 27. Ne2 Rfc8 28. h4 Bf8 29. h5 Qe7 30. g5 Qxa3 31. Qxa3 Bxa3 32. Rxb8 Rxb8 33. Rb1 Rxb1+ 34. Kxb1 Kf8 35. Nh4 Be7 36. Ng2 Nf2 37. Ne3 Ne4 38. Kc2 Nf2 39. Kb2 Nd3+ 40. Ka2 h6 41. g6 Bh4 42. f5 Bg5 43. Ng2 exf5 44. Bc6 fxg6 45. hxg6 h5 46. Ng3 h4 47. Nxf5 h3 48. Nge3 h2 49. Bxd5 Nf2 50. Ka3 h1=Q 51. Bxh1 Nxh1 52. Ka4 Bd8 53. d5 Nf2 54. d6 Bc8 55. Nd4 Ne4 56. Nxc4 Nxc3+ 57. Kb3 Nd5 58. e6 Nf4 59. e7+ Bxe7 60. dxe7+ Kxe7 61. Nxa5 Nxg6 62. Nc4 Nf4 63. Kc2 Kf6 64. Kd2 Kg5 65. Ke3 Nd5+ 66. Kf2 Nf6 67. Nd6 Bd7 68. Kf3 Kh5 69. Kg3 g6 70. Nc4 g5 71. Ne5 Bc8 72. Nf7 Nd5 73. Nxg5 Kxg5 74. Nf3+ Kf5 75. Nh4+ Ke4 76. Kf2 Ba6 77. Kg3 Ne7 78. Kg4 Be2+ 79. Kg5 Nd5 80. Ng6 Ne3 81. Nf4 1/2-1/2

[Event "Istanbul Open 2017"]
[Site "Istanbul"]
[Date "2017.09.17"]
[Round "9"]
[White "Erden, Kadir"]
[Black "Yaylali, Adnan Dogan"]
[Result "1-0"]
[ECO "C55"]
[WhiteElo "2283"]
[BlackElo "1873"]
[Annotator "ChessBase"]
[PlyCount "147"]
[EventDate "2017.??.??"]
[EventType "swiss"]
[EventCountry "TUR"]
[SourceTitle "playchess.com"]
[Source "ChessBase"]
[SourceQuality "1"]
[TimeControl "5400+30"]

1. e4 e5 2. Nf3 Nc6 3. Bc4 Nf6 4. d3 Be7 5. O-O O-O 6. Re1 d6 7. a4 h6 8. a5 a6 9. Nbd2 Re8 10. Nf1 Nh7 11. c3 Ng5 12. Ne3 Be6 13. Bd5 Qd7 14. Nd2 Nd8 15. Bxe6 Ndxe6 16. Nd5 Bd8 17. Nc4 Nf8 18. h3 Ng6 19. Qg4 Qxg4 20. hxg4 Ne6 21. g3 Nc5 22. Rd1 c6 23. Ndb6 Bxb6 24. Nxb6 Rad8 25. Be3 Nd7 26. Na4 Ndf8 27. f3 Ne6 28. Kf1 d5 29. Ke2 d4 30. Bd2 Ngf8 31. c4 Nd7 32. b4 Rb8 33. f4 f6 34. f5 Nc7 35. Rdb1 Kf7 36. Rb3 Red8 37. Rab1 Re8 38. Kf3 Red8 39. Bc1 Re8 40. Nb2 Rh8 41. Bd2 Rhe8 42. Nd1 Rh8 43. Nf2 Rhe8 44. Nh3 Red8 45. Ng1 Re8 46. Ke2 Ke7 47. Nf3 Kf7 48. Ne1 Ke7 49. Nc2 Kd6 50. Na3 Red8 51. R3b2 Rdc8 52. b5 c5 53. Nc2 Rd8 54. Ne1 Rf8 55. Nf3 Rfc8 56. Ra2 Rd8 57. Rab2 Rdc8 58. Rh1 Ra8 59. Rbb1 Rd8 60. Rh5 Rab8 61. b6 Ne8 62. Rbh1 Rbc8 63. R5h2 Nb8 64. Bxh6 gxh6 65. Rxh6 Nc6 66. g5 Rd7 67. g4 Rf7 68. gxf6 Rxf6 69. g5 Rxh6 70. Rxh6+ Ke7 71. Rh7+ Kf8 72. Nh4 Rd8 73. f6 Nd6 74. g6 1-0

[Event "Istanbul Open 2017"]
[Site "Istanbul"]
[Date "2017.09.17"]
[Round "9"]
[White "Erdogan, Anil Berk"]
[Black "Nuri, Murad"]
[Result "1/2-1/2"]
[ECO "B51"]
[WhiteElo "2106"]
[BlackElo "2285"]
[Annotator "ChessBase"]
[PlyCount "104"]
[EventDate "2017.??.??"]
[EventType "swiss"]
[EventCountry "TUR"]
[SourceTitle "playchess.com"]
[Source "ChessBase"]
[SourceQuality "1"]
[TimeControl "5400+30"]

1. e4 c5 2. Nf3 d6 3. Bb5+ Nd7 4. d4 Ngf6 5. Qd3 a6 6. Bxd7+ Nxd7 7. c4 cxd4 8. Qxd4 Nc5 9. Nc3 e5 10. Qe3 f5 11. b4 f4 12. Qe2 Nd7 13. g3 fxg3 14. hxg3 Be7 15. Nh4 Bxh4 16. Rxh4 Nf6 17. Bg5 O-O 18. Nd5 Be6 19. Bxf6 gxf6 20. Qh5 Rf7 21. Kf1 b5 22. cxb5 axb5 23. Ne3 Qd7 24. Kg2 Rg7 25. g4 Qb7 26. f3 Rg5 27. Qh6 Rf8 28. Rah1 Rf7 29. Rh5 Rgg7 30. R5h2 d5 31. exd5 Bxd5 32. Nxd5 Qxd5 33. Kg3 f5 34. Rc1 f4+ 35. Kh4 Qd8+ 36. g5 Rg6 37. Qh5 Rfg7 38. Rg2 h6 39. Rcg1 e4 40. fxe4 hxg5+ 41. Kg4 Qd7+ 42. Kf3 Qd3+ 43. Kf2 f3 44. Rh2 Qe2+ 45. Kg3 Qe3 46. Rd1 f2+ 47. Qf3 Qxf3+ 48. Kxf3 Rf7+ 49. Ke2 Rgf6 50. Rf1 Ra6 51. Rg2 Rxa2+ 52. Ke3 Ra3+ 1/2-1/2

[Event "Istanbul Open 2017"]
[Site "Istanbul"]
[Date "2017.09.17"]
[Round "9"]
[White "Zeydan, Salih"]
[Black "Buker, Muhittin"]
[Result "1-0"]
[ECO "C25"]
[WhiteElo "2057"]
[BlackElo "1969"]
[Annotator "NA RC"]
[PlyCount "25"]
[EventDate "2017.??.??"]
[EventType "swiss"]
[EventCountry "TUR"]
[SourceTitle "playchess.com"]
[Source "ChessBase"]
[SourceQuality "1"]
[TimeControl "5400+30"]

1. e4 e5 2. Nc3 Bc5 3. f4 Bxg1 4. Rxg1 exf4 ({Black should play} 4... Nc6 $1 $14) 5. d4 Qh4+ $2 (5... Ne7 $16) 6. g3 Qxh2 7. Rg2 Qh1 8. Qg4 ({Not} 8. Bxf4 d6 $16) ({Weaker is} 8. gxf4 Qh4+ 9. Kd2 Ne7 $14) 8... Ne7 $2 (8... f3 {is a better chance.} 9. Qxf3 Ne7) 9. Nd5 Ng6 $18 10. Bxf4 Na6 11. O-O-O d6 12. Qf3 Bh3 13. Bb5+ 1-0

[Event "Istanbul Open 2017"]
[Site "Istanbul"]
[Date "2017.09.17"]
[Round "9"]
[White "Akin, Yagiz Cinar"]
[Black "Demirbag, Alihan"]
[Result "1/2-1/2"]
[ECO "A43"]
[WhiteElo "1823"]
[BlackElo "1932"]
[Annotator "NA RC"]
[PlyCount "81"]
[EventDate "2017.??.??"]
[EventType "swiss"]
[EventCountry "TUR"]
[SourceTitle "playchess.com"]
[Source "ChessBase"]
[SourceQuality "1"]
[TimeControl "5400+30"]

1. e4 g6 2. d4 Bg7 3. Nc3 d6 4. f4 a6 5. a4 Nf6 6. Nf3 c5 7. d5 O-O 8. Bd3 e6 9. O-O exd5 {[%emt 0:00:00] LiveBook: 4 Games A43: Alt-Benoni} 10. Nxd5 (10. exd5 Bg4 11. h3 Bxf3 12. Qxf3 Nbd7 13. Be3 Qc7 14. Rfe1 Rfe8 15. Bf2 Rab8 16. Bf1 Qa5 17. g4 {0-1 (37) Dobrev,N (2448)-Doncea,V (2451) France 2007}) 10... Nxd5 11. exd5 Bg4 12. h3 $146 ({Vorgänger:} 12. Kh1 Nd7 13. h3 Bxf3 14. Qxf3 Qh4 15. a5 f5 16. Bd2 Rae8 17. Rae1 {½-½ (27) Mo,K (2064)-Resika,N (2204) Philadelphia 2011}) 12... Bxf3 13. Qxf3 Nd7 14. a5 b5 15. c4 (15. axb6 $5 Qxb6 16. Kh2 $11) 15... b4 16. Qd1 ({White should play} 16. Ra2 $11) 16... Qh4 17. Rb1 (17. Kh2 $11) 17... Rae8 18. Kh2 f5 19. Bd2 Nf6 20. g3 Qh5 21. Qxh5 Nxh5 22. b3 Nf6 23. Rbe1 Kf7 24. Kg2 h5 25. Kf3 Rxe1 26. Rxe1 Re8 27. Be3 Bf8 28. Re2 Be7 29. Bc1 Bd8 30. Rxe8 Nxe8 31. g4 fxg4+ 32. hxg4 Bxa5 33. f5 hxg4+ 34. Kxg4 gxf5+ 35. Bxf5 Bd8 36. Be6+ Kg7 37. Kf5 Bf6 $11 38. Bf4 Be7 39. Bc8 Nc7 40. Bxa6 Kf7 41. Ke4 1/2-1/2

[Event "Istanbul Open 2017"]
[Site "Istanbul"]
[Date "2017.09.17"]
[Round "9"]
[White "Kilic, Eray"]
[Black "Ozen, Medeni"]
[Result "1-0"]
[ECO "C58"]
[WhiteElo "1727"]
[BlackElo "1718"]
[Annotator "NA RC"]
[PlyCount "68"]
[EventDate "2017.??.??"]
[EventType "swiss"]
[EventCountry "TUR"]
[SourceTitle "playchess.com"]
[Source "ChessBase"]
[SourceQuality "1"]
[TimeControl "5400+30"]

1. e4 e5 2. Nf3 Nc6 3. Bc4 Nf6 4. Ng5 d5 5. exd5 Na5 6. d3 h6 7. Nf3 e4 8. Qe2 Nxc4 9. dxc4 Bc5 10. O-O Qe7 11. Nfd2 e3 12. fxe3 Ng4 13. Nf3 O-O 14. Nc3 Re8 15. Bd2 f5 16. Kh1 Bd7 17. Rae1 Qf7 18. h3 Qh5 19. e4 fxe4 20. Nh2 e3 21. hxg4 exd2 22. gxh5 dxe1=Q 23. Qxe1 Rxe1 24. Rxe1 Rf8 25. Ne4 Bd4 26. c3 Be5 27. Nf3 Rf5 28. Kg1 Rxh5 29. c5 Bf4 30. c4 Bg4 31. d6 Bf5 32. g3 cxd6 33. gxf4 Bxe4 34. cxd6 Bf5 1-0

[Event "Istanbul Open 2017"]
[Site "Istanbul"]
[Date "2017.09.17"]
[Round "9"]
[White "Tarakci, Efdal"]
[Black "Nukan, Baris Tuna"]
[Result "1/2-1/2"]
[ECO "B45"]
[WhiteElo "1714"]
[BlackElo "1656"]
[Annotator "NA RC"]
[PlyCount "90"]
[EventDate "2017.??.??"]
[EventType "swiss"]
[EventCountry "TUR"]
[SourceTitle "playchess.com"]
[Source "ChessBase"]
[SourceQuality "1"]
[TimeControl "5400+30"]

1. e4 c5 2. Nf3 e6 3. d4 cxd4 4. Nxd4 Nf6 5. Nc3 Nc6 6. Ndb5 Bb4 7. Nd6+ Ke7 8. Nxc8+ Rxc8 9. Bd3 d5 10. exd5 Nxd5 11. Bg5+ f6 12. Bd2 Nxc3 13. bxc3 Bd6 14. Qg4 Kf7 15. O-O Ne5 16. Qe4 Qe7 17. Rab1 Nxd3 18. cxd3 b6 19. Rfe1 Rhe8 20. Re3 Kg8 21. Rbe1 Qf7 22. Rh3 f5 23. Qh4 g6 24. d4 e5 25. dxe5 Bxe5 26. Rhe3 Bg7 27. Rxe8+ Rxe8 28. Rxe8+ Qxe8 29. Qc4+ Qf7 30. Qc8+ Qf8 31. Qd7 Qf7 32. Qc8+ Qf8 33. Qxf8+ Kxf8 34. Kf1 Ke7 35. Ke2 Kd6 36. Kd3 Kc5 37. a4 Kd5 38. Be3 Bf8 39. Bf4 a6 40. Bg5 b5 41. axb5 axb5 42. Bf6 Bd6 43. h3 Be5 44. Bg5 Bd6 45. Bh6 Bc5 1/2-1/2

[Event "Istanbul Open 2017"]
[Site "Istanbul"]
[Date "2017.09.17"]
[Round "9"]
[White "Gezici, Omer Ata"]
[Black "Demirel, Ali Yagmur"]
[Result "0-1"]
[ECO "C03"]
[WhiteElo "1701"]
[BlackElo "1718"]
[Annotator "NA RC"]
[PlyCount "89"]
[EventDate "2017.??.??"]
[EventType "swiss"]
[EventCountry "TUR"]
[SourceTitle "playchess.com"]
[Source "ChessBase"]
[SourceQuality "1"]
[TimeControl "5400+30"]

1. e4 e6 2. d4 d5 3. Nd2 h6 4. Ngf3 Nf6 5. Bd3 c5 6. exd5 Nxd5 7. c3 Nc6 8. Nb3 cxd4 9. Nbxd4 Bc5 10. Nb3 Bb6 11. O-O Qf6 12. Bc4 O-O 13. Qe2 Bd7 14. Rd1 Rfe8 15. Nbd4 Nxd4 16. Nxd4 e5 17. Nb3 Nf4 18. Bxf4 exf4 19. Qf3 Bf5 20. Bd5 Qg5 21. h3 Bg6 22. Qg4 Qxg4 23. hxg4 Re2 24. Nd4 Rxb2 25. Bxb7 Re8 26. Bf3 Rc8 27. Rdc1 Bd3 28. a4 a5 29. Bb7 Rc7 30. Bf3 Rc8 31. Bb7 Rd8 32. Rd1 Bxd4 33. cxd4 Be2 34. Re1 Rxd4 35. Bf3 Rdd2 36. Bxe2 Rxe2 37. Rxe2 Rxe2 38. Kf1 Re4 39. f3 Rd4 40. Ke2 Kh7 41. Ra2 Kg6 42. Ra1 Kg5 43. Rh1 Rxa4 44. Rh5+ Kg6 45. Rb5 0-1

[Event "Istanbul Open 2017"]
[Site "Istanbul"]
[Date "2017.09.17"]
[Round "9"]
[White "Adanmis, Ezgi"]
[Black "Bagci, Hikmet"]
[Result "1-0"]
[ECO "B21"]
[WhiteElo "1626"]
[BlackElo "1706"]
[Annotator "NA RC"]
[PlyCount "119"]
[EventDate "2017.??.??"]
[EventType "swiss"]
[EventCountry "TUR"]
[SourceTitle "playchess.com"]
[Source "ChessBase"]
[SourceQuality "1"]
[TimeControl "5400+30"]

1. e4 c5 2. Nf3 d6 3. d4 cxd4 4. c4 dxc3 5. Nxc3 Nc6 6. Bc4 e6 7. O-O Be7 8. Bf4 Nf6 9. Qe2 O-O 10. Rfd1 Nh5 11. Be3 a6 12. a4 Qc7 13. Rac1 Qb8 14. Nd4 Nf6 15. Nf3 Bd7 16. Bf4 e5 17. Bg5 Bg4 18. Bxf6 Bxf6 19. Nd5 Qd8 20. Qd3 Bg5 21. Rc3 Bxf3 22. Qxf3 Nd4 23. Qh5 g6 24. Qg4 h5 25. Qh3 b5 26. Ba2 Ne2+ 27. Kh1 Nxc3 28. bxc3 Kg7 29. g3 Rb8 30. f4 exf4 31. gxf4 Bf6 32. Rg1 Rh8 33. Qe3 Re8 34. Qf3 bxa4 35. f5 Rh8 36. fxg6 fxg6 37. Qf5 Rh6 38. Qe6 g5 39. Ne3 Rg6 40. Qf7+ Kh8 41. Qxg6 Rb7 42. Bf7 Rxf7 43. Qxf7 h4 44. Rf1 Be5 45. Qh5+ Kg8 46. Rf7 Bg7 47. Qg6 Qf8 48. Rxf8+ Kxf8 49. Qxd6+ Kf7 50. Nd5 g4 51. Qd7+ Kg8 52. Qxg4 h3 53. Qxh3 a3 54. Qc8+ Kf7 55. Qxa6 a2 56. Qxa2 Ke6 57. Qf2 Be5 58. Qf5+ Kd6 59. h4 Bh8 60. Qf8+ 1-0

[Event "Istanbul Open 2017"]
[Site "Istanbul"]
[Date "2017.09.17"]
[Round "9"]
[White "Inciler, Yusuf Efe"]
[Black "Sar, Can"]
[Result "0-1"]
[ECO "D85"]
[WhiteElo "1494"]
[BlackElo "1669"]
[Annotator "NA RC"]
[PlyCount "60"]
[EventDate "2017.??.??"]
[EventType "swiss"]
[EventCountry "TUR"]
[SourceTitle "playchess.com"]
[Source "ChessBase"]
[SourceQuality "1"]
[TimeControl "5400+30"]

1. d4 Nf6 2. c4 g6 3. Nc3 d5 4. cxd5 Nxd5 5. e4 Nxc3 6. bxc3 Bg7 7. Nf3 c5 8. Rb1 O-O 9. Be2 cxd4 10. cxd4 Qa5+ 11. Qd2 Qxd2+ 12. Bxd2 Nc6 13. Be3 Bg4 14. d5 Bxf3 15. Bxf3 Nd4 16. Bxd4 Bxd4 17. Rxb7 Rab8 18. Rxe7 Rb2 19. O-O Rfb8 20. Rc7 Rxf2 21. Rc4 Be3 22. Rcc1 Rxf3+ 23. Kh1 Rxf1+ 24. Rxf1 Bd4 25. h3 Be5 26. Rd1 Kf8 27. Kg1 Ke7 28. Rc1 Rb2 29. a4 a5 30. Rc5 Bd4+ 0-1